 Dungeon Crawl Stone Soup version 0.20-a0-942-ga5226df (webtiles) character file.

9 M4edhros the Grave Robber (level 2, 0/17 HPs)
             Began as an Octopode Necromancer on Apr 1, 2017.
             Slain by a jackal (3 damage)
             ... on level 2 of the Dungeon.
             The game lasted 00:01:07 (184 turns).

M4edhros the Grave Robber (Octopode Necromancer)     Turns: 184, Time: 00:01:07

Health: 0/17       AC:  1    Str:  7    XL:     2   Next: 16%
Magic:  3/5        EV: 13    Int: 17    God:
Gold:   30         SH:  0    Dex: 12    Spells: 3/5 levels left

rFire    . . .     SeeInvis .     - Unarmed
rCold    . . .     Gourm    .   (no shield)
rNeg     . . .     Faith    .   (helmet restricted)
rPois    .         Spirit   .   (no amulet)
rElec    .         Reflect  .   (no ring)
rCorr    .         Harm     .   (no ring)
MR       .....                  (no ring)
Stlth    +++.......             (no ring)
Regen    0.1/turn               (no ring)
MPRegen  0.1/turn               (no ring)
                                (no ring)
                                (no ring)

@: no status effects
A: almost no armour, stealthy swim, amphibious, 8 rings, constrict 8, camouflage
1, gelatinous body 1
a: no special abilities


You were on level 2 of the Dungeon.
You were not hungry.

You visited 1 branch of the dungeon, and saw 2 of its levels.

You collected 30 gold pieces.

Inventory:

Potions
 d - a potion of magic {unknown}
 e - a potion of cancellation {unknown}
 g - a potion of curing {unknown}
Books
 a - a book of Necromancy

   Spells                             Type                      Level
   a - Pain                           Necromancy                   1
   b - Animate Skeleton               Necromancy                   1
   c - Vampiric Draining              Necromancy                   3
   d - Regeneration                   Charms/Necromancy            3
   e - Animate Dead                   Necromancy                   4
   f - Control Undead                 Necromancy                   4
Comestibles
 b - 2 bread rations
 c - a meat ration
 f - a chunk of flesh
 h - a royal jelly


   Skills:
 - Level 2.0 Dodging
 - Level 2.6 Stealth
 + Level 1.7 Unarmed Combat
 - Level 2.0 Spellcasting
 - Level 4.0 Necromancy


You had 3 spell levels left.
You knew the following spells:

 Your Spells              Type           Power        Failure   Level  Hunger
a - Pain                  Necr           ###.         3%          1    #......
b - Animate Skeleton      Necr           N/A          3%          1    #......


Dungeon Overview and Level Annotations

Branches:
Dungeon (2/15)

Altars:


Innate Abilities, Weirdness & Mutations

You cannot wear most types of armour.
You are very stealthy in the water. (Stealth+)
You are amphibious.
You can wear up to eight rings at the same time.
You can use your tentacles to constrict eight enemies at once.
Your skin changes colour to match your surroundings (Stealth+).
Your rubbery body absorbs attacks. (AC +1, EV +1)


Message History

You closely miss the jackal. You grab the jackal. You constrict the jackal.
The jackal barely misses you.
Unknown command.
Unknown command.
Unknown command.
You tentacle-slap the jackal but do no damage.
The jackal is lightly wounded.
You constrict the jackal. The jackal misses you.
Your jackal skeleton bites the jackal.
The jackal completely misses you.
Unknown command.
Unknown command.
Unknown command.
You tentacle-slap the jackal.
The jackal is severely wounded.
You constrict the jackal.
You kill the jackal!
Unknown command.
Unknown command.
The jackal bites you.
You die...

#.<....... #.####..#.
#.# # ########### #.# .
.......... #.# .#
.#...#...####.###.#
..............#...##.
.#...#..h#Z.....#....
....[....@%..†....#
############Z...######.#
#......##....###........
#.........#.#....#####.#
#.......###.#.####
#.....#.##..#.#
#.....#.##.#..#
#....)#.##...##
####...........## ##


You could see a jackal, a friendly frilled lizard skeleton and a friendly jackal
skeleton.

Vanquished Creatures
  2 giant cockroaches (D:2)
  2 jackals (D:2)
  A frilled lizard (D:2)
  2 goblins
  2 rats
9 creatures vanquished.

Notes
Turn   | Place    | Note
-------+----------+-------------------------------------------
     0 | D:1      | M4edhros the Octopode Necromancer began the quest for the Orb.
     0 | D:1      | Reached XP level 1. HP: 11/11 MP: 3/3
    66 | D:2      | Learned a level 1 spell: Animate Skeleton
    77 | D:2      | Reached skill level 1 in Unarmed Combat
   114 | D:2      | Reached XP level 2. HP: 2/17 MP: 0/5
   184 | D:2      | Slain by a jackal

Vault maps used:
D:1:      lightli_arrival_statuegarden
D:2:      grunt_temple_overflow_cloverleaf, lemuel_coloured_pillars_altar,
          nicolae_gozag_cash_rules_everything_around_me, first_bread

Skill      XL: |  1 |
---------------+----+-----
Unarmed Combat | 1 |  1.7
Dodging        | |  2.0
Stealth        | |  2.6
Spellcasting   | |  2.0
Necromancy     | |  4.0

Action                   || total
-------------------------++-------
Melee: Unarmed           ||    21
       Constrict         ||     5
       Tentacles         ||     2
 Cast: Pain              ||     5
       Animate Skeleton  ||     2
 Stab: Sleeping          ||     1
Armor: Skin              ||     2
Dodge: Dodged            ||    14
